Workbook

Sheet Model
A1: Diesel or Gasoline?
A3: Assumptions
C4: Diesel | D4: Gasoline | E4: Difference
A5: Down Payment | C5: 10250 | D5: 10250 | E5: =C5-D5 -> 0
A6: Monthly Lease | C6: 370 | D6: 330 | E6: =C6-D6 -> 40
A7: Efficiency (miles per gallon) | C7: 36 | D7: 26 | E7: =C7-D7 -> 10
A8: Fuel Price (per gallon) | C8: 4.159 | D8: 3.729 | E8: =C8-D8 -> 0.43
A11: Calculation
A12: Lease Expense (per month) | C12: =C6 -> 370 | D12: =D6 -> 330 | E12: =ABS(C12-D12) -> 40
A13: Fuel Expense (per mile) | C13: =C8/C7 -> 0.11552778 | D13: =D8/D7 -> 0.14342308 | E13: =ABS(C13-D13) -> 0.027895299
A14: Mileage Threshold | E14: =E12/E13 -> 1433.9334

Sheet Validation
A1: Chart Calculations
A3: Monthly Mileage | B3: Monthly Cost
B4: Diesel | C4: Gasoline
A5: 0 | B5: =Model!$C$12+Model!$C$13*Validation!$A5 -> 370 | C5: =Model!$D$12+Model!$D$13*Validation!$A5 -> 330
A6: =A5+500 -> 500 | B6: =Model!$C$12+Model!$C$13*Validation!A6 -> 427.76389 | C6: =Model!$D$12+Model!$D$13*Validation!$A6 -> 401.71154
A7: =A6+500 -> 1000 | B7: =Model!$C$12+Model!$C$13*Validation!A7 -> 485.52778 | C7: =Model!$D$12+Model!$D$13*Validation!$A7 -> 473.42308
A8: =A7+500 -> 1500 | B8: =Model!$C$12+Model!$C$13*Validation!A8 -> 543.29167 | C8: =Model!$D$12+Model!$D$13*Validation!$A8 -> 545.13462
A9: =A8+500 -> 2000 | B9: =Model!$C$12+Model!$C$13*Validation!A9 -> 601.05556 | C9: =Model!$D$12+Model!$D$13*Validation!$A9 -> 616.84615
